 Dungeon Crawl Stone Soup version 0.28.0-43-g3370ac3207 (webtiles) character file.

Game seed: 5228466364801421212

581 terff the Vexing (level 7, -1/78 HPs)
             Began as a Gnoll Wanderer on Mar 21, 2022.
             Was an Initiate of Cheibriados.
             Slain by a river rat (4 damage)
             ... on level 5 of the Dungeon.
             The game lasted 00:22:56 (6209 turns).

terff the Vexing (Gnoll Wanderer)                   Turns: 6209, Time: 00:22:57

Health: -1/78      AC: 23    Str: 11    XL:     7   Next: 36%
Magic:  12/12      EV:  2    Int: 13    God:    Cheibriados [......]
Gold:   304        SH:  0    Dex: 15    Spells: 9/13 levels left

rFire   . . .      SeeInvis .   d - +0 short sword (flame)
rCold   + . .      Faith    .   (no shield)
rNeg    . . .      Spirit   .   (armour currently unavailable)
rPois   +          Reflect  .   (helmet currently unavailable)
rElec   .          Harm     .   (cloak currently unavailable)
rCorr   .          Rampage  .   (gloves currently unavailable)
Will    +....      NoTele   +   (boots currently unavailable)
Stlth   +++.......              e - amulet of regeneration
HPRegen 0.23/turn               i - ring of willpower
MPRegen 0.13/turn               u - ring of protection from cold

@: tree-form, very slow
A: stationary, stasis, torment immunity, boosted hp, (fangs 1), strong nose,
distributed training
a: Renounce Religion


You were on level 5 of the Dungeon.
You worshipped Cheibriados.
Cheibriados was noncommittal.
You were a tree.
You visited 2 branches of the dungeon, and saw 6 of its levels.

You collected 304 gold pieces.

Inventory:

Hand Weapons
 a - a +0 dagger
 d - a +0 short sword of flaming (weapon)
 j - a +0 dagger of protection
Armour
 c - a +1 cloak (melded)
 g - a +2 pair of boots (melded)
 r - a +0 scale mail (melded)
Jewellery
 e - an amulet of regeneration (around neck)
 h - an amulet of guardian spirit
 i - a ring of willpower (left branch)
 n - the amulet "Aguxzeivue" {Spirit Dex+2}
   (You found it on level 3 of the Dungeon)

   [amulet of guardian spirit]

   It causes incoming damage to be divided between your reserves of health and
   magic.
   Dex:       It affects your dexterity (+2).
 u - a ring of protection from cold (right branch)
Wands
 t - a wand of flame (4)
Scrolls
 f - 2 scrolls of magic mapping
 l - a scroll of enchant armour
 m - 2 scrolls of summoning
 o - 2 scrolls of amnesia {unknown}
Potions
 k - 2 potions of curing
 p - a potion of lignification
 q - 2 potions of degeneration {unknown}
 s - 3 potions of haste {unknown}
 v - a potion of experience {unknown}


   Skills:
 + Level 3.6 Fighting
 + Level 2.4 Short Blades
 + Level 2.4 Long Blades
 + Level 2.4 Axes
 + Level 2.4 Maces & Flails
 + Level 2.4 Polearms
 + Level 2.4 Staves
 + Level 2.4 Slings
 + Level 2.4 Bows
 + Level 2.4 Crossbows
 + Level 2.4 Throwing
 + Level 2.4 Armour
 + Level 2.4 Dodging
 + Level 4.9 Stealth
 + Level 2.4 Shields
 + Level 2.4 Unarmed Combat
 + Level 3.7 Spellcasting
 + Level 2.0 Conjurations
 + Level 5.8 Hexes
 + Level 2.0 Summonings
 + Level 2.0 Necromancy
 + Level 4.3 Translocations
 + Level 2.0 Transmutations
 + Level 2.0 Fire Magic
 + Level 2.0 Ice Magic
 + Level 2.0 Air Magic
 + Level 2.0 Earth Magic
 + Level 2.0 Poison Magic
 + Level 2.7 Invocations
 + Level 3.6 Evocations


You had 9 spell levels left.
You knew the following spells:

 Your Spells              Type           Power      Damage    Failure   Level
a - Slow                  Hex            68%        N/A       1%          1
b - Confusing Touch       Hex            17%        N/A       6%          3

Your spell library contained the following spells:

 Spells                   Type           Power      Damage    Failure   Level
 Apportation              Tloc           26%        N/A       3%          1
 Tukima's Dance           Hex            17%        N/A       6%          3
 Pain                     Necr           28%        1d5       10%         1
 Lesser Beckoning         Tloc           13%        N/A       11%         3
 Corpse Rot               Necr/Air       14%        N/A       14%         2
 Dispel Undead            Necr           7%         3d8       67%         4
 Agony                    Necr           7%         N/A       95%         5
 Excruciating Wounds      Necr           3%         N/A       95%         5
 Death Channel            Necr           3%         N/A       100%        6


Dungeon Overview and Level Annotations

Branches:
Dungeon (5/15)             Temple (1/1) D:4

Altars:
Cheibriados
Elyvilon
Fedhas
Gozag
Ru
Sif Muna
Trog
Wu Jian
Yredelemnul
Zin
The Shining One

Shops:
D:1 ?   D:3 ?[*

Portals:
Sewer: D:5

Annotations:
D:4 Blork the orc


Innate Abilities, Weirdness & Mutations

You are a tree.
Your roots penetrate the ground, keeping you stationary.
You cannot be teleported.
You are immune to unholy pain and torment.
Your maximum health is greatly increased.
Your equipment is partially melded.
((You have very sharp teeth.))
Your uncanny sense of smell can sniff out nearby items.
Your experience applies equally to all skills.


Message History

You barely miss the rat.
The adder bites you but does no damage. x2
You closely miss the river rat. The adder barely misses you.
The adder bites you but does no damage. The adder bites you.
* * * LOW HITPOINT WARNING * * *
You closely miss the adder. The adder bites you but does no damage.
The river rat completely misses you.
The adder bites you but does no damage. x2
You hit the adder. You burn the adder.
The adder is moderately wounded.
The river rat bites you.
* * * LOW HITPOINT WARNING * * *
The adder bites you but does no damage. x2
You miss the adder.
The adder is moderately wounded.
The adder bites you but does no damage. The river rat bites you.
* * * LOW HITPOINT WARNING * * *
The adder bites you but does no damage.
You miss the adder.
The adder is moderately wounded.
The adder bites you but does no damage. x2
The river rat bites you but does no damage.
The adder barely misses you.
You closely miss the adder.
The adder is moderately wounded.
The adder bites you but does no damage.
The river rat bites you but does no damage.
The adder bites you but does no damage. x2
You hit the adder. You burn the adder. Your punch misses the adder.
The adder is almost dead.
The adder barely misses you.
The river rat bites you but does no damage.
The adder bites you but does no damage.
You barely miss the adder.
The adder is almost dead.
The adder bites you but does no damage. x2
The river rat bites you but does no damage.
The adder bites you but does no damage.
You closely miss the adder.
The adder is almost dead.
The adder bites you but does no damage. The river rat bites you.
You die...

#.# # ##'## #### ###
##...#####.
##≈≈####≈≈#####..........
#≈≈≈≈≈≈≈≈≈≈..#.......###.
##≈≈####≈≈##....>...#...#
#≈##≈≈####.+.......#!.##
#≈#≈≈≈≈rS# #.......# #.#
#≈#≈∩≈rS♣# ##....... #:
#≈##≈≈##≈# ##.......
##≈≈####≈≈## ##...##..
#≈≈≈≈†≈≈≈≈≈# ##≈≈####≈≈##
#### #### ∆


You could see 2 adders, a river rat and a rat.

Vanquished Creatures
  A scorpion (D:5)
  A water moccasin zombie (D:3)
  A bullfrog skeleton (D:4)
  Jessica (D:2)
  An iguana (D:2)
  2 orc wizards (D:3)
  3 hound skeletons
  A gnoll (D:1)
  7 adders
  2 ufetubi (D:5)
  An adder zombie (D:3)
  3 worms
  A dart slug (D:1)
  8 orcs
  A bat (D:2)
  2 endoplasms
  3 giant cockroaches
  9 hobgoblins
  3 jackals (D:2)
  7 quokkas
  9 ball pythons
  A ball python skeleton (D:3)
  5 frilled lizards
  2 goblins
  6 kobolds
  5 rats
86 creatures vanquished.

Vanquished Creatures (collateral kills)
  An ice beast (D:5)
  An iguana (D:5)
2 creatures vanquished.

Grand Total: 88 creatures vanquished

Notes
Turn   | Place    | Note
-------+----------+-------------------------------------------
     0 | D:1      | terff the Gnoll Wanderer began the quest for the Orb.
     0 | D:1      | terff set off with the following items: a +0 dagger, a +0
                  | robe, a +0 cloak; and the following spells available to
                  | memorise: Slow, Apportation, Confusing Touch, Tukima's
                  | Dance, Lesser Beckoning
     0 | D:1      | Reached XP level 1. HP: 17/17 MP: 4/4
   303 | D:1      | Found Sibairiekk's Magic Scroll Shoppe.
   615 | D:1      | Reached XP level 2. HP: 17/23 MP: 5/5
   627 | D:1      | Learned a level 1 spell: Slow
  1342 | D:1      | Reached XP level 3. HP: 5/28 MP: 7/7
  2110 | D:2      | Reached skill level 1 in Short Blades
  2110 | D:2      | Reached skill level 1 in Long Blades
  2110 | D:2      | Reached skill level 1 in Axes
  2110 | D:2      | Reached skill level 1 in Maces & Flails
  2110 | D:2      | Reached skill level 1 in Polearms
  2110 | D:2      | Reached skill level 1 in Staves
  2110 | D:2      | Reached skill level 1 in Slings
  2110 | D:2      | Reached skill level 1 in Bows
  2110 | D:2      | Reached skill level 1 in Crossbows
  2110 | D:2      | Reached skill level 1 in Throwing
  2110 | D:2      | Reached skill level 1 in Armour
  2110 | D:2      | Reached skill level 1 in Dodging
  2110 | D:2      | Reached skill level 1 in Shields
  2110 | D:2      | Reached skill level 1 in Unarmed Combat
  2110 | D:2      | Reached skill level 1 in Invocations
  2185 | D:2      | Reached XP level 4. HP: 30/34 MP: 8/8
  2234 | D:2      | Learned a level 3 spell: Confusing Touch
  2623 | D:2      | Noticed Jessica
  2660 | D:3      | Reached skill level 1 in Conjurations
  2660 | D:3      | Reached skill level 1 in Summonings
  2660 | D:3      | Reached skill level 1 in Necromancy
  2660 | D:3      | Reached skill level 1 in Transmutations
  2660 | D:3      | Reached skill level 1 in Fire Magic
  2660 | D:3      | Reached skill level 1 in Ice Magic
  2660 | D:3      | Reached skill level 1 in Air Magic
  2660 | D:3      | Reached skill level 1 in Earth Magic
  2660 | D:3      | Reached skill level 1 in Poison Magic
  2678 | D:2      | Killed Jessica
  3061 | D:3      | Reached XP level 5. HP: 13/40 MP: 9/9
  3148 | D:3      | Found Ytwaxtih's Armour Shop.
  3169 | D:3      | Found a faded altar of an unknown god.
  3188 | D:3      | Identified the amulet "Aguxzeivue" {Spirit Dex+2}
  3359 | D:3      | Found Kabosopa's General Store.
  3746 | D:4      | Reached XP level 6. HP: 24/47 MP: 9/11
  4017 | D:3      | Found Wiamuhiw's Magic Scroll Shop.
  4845 | D:4      | Found a staircase to the Ecumenical Temple.
  4866 | Temple   | Entered the Ecumenical Temple
  5026 | Temple   | Became a worshipper of Cheibriados the Contemplative
  5249 | D:4      | Noticed Blork the orc
  5273 | D:4      | Found a shimmering blue altar of Sif Muna.
  5797 | D:5      | Entered Level 5 of the Dungeon
  5909 | D:5      | Reached XP level 7. HP: 46/52 MP: 12/12
  6188 | D:5      | Found a glowing drain.
  6204 | D:5      | HP: 2/78 [river rat (6)]
  6209 | D:5      | Slain by a river rat

Illustrated notes

Levels and vault maps discovered:
D:1:      dpeg_arrival_connections, layout_basic, serial_shops, shop
D:2:      layout_basic, serial_park_tiny_2, uniq_jessica
D:3:      layout_basic, serial_shops, shop, shop, nicolae_shop_crystal,
          serial_undead, serial_undead_f, serial_undead_d, serial_undead_f,
          serial_undead_d, hellmonk_ecumenical_altar_run_dry
D:4:      layout_loops_ring, tgw_sif, minmay_temple_entry_offerings
D:5:      layout_loops_corners, kiku_gazebo_garden_becter,
          gup_sewer_entry_bubbles, minmay_misc_feat_four_crosses,
          minmay_misc_feat_hallway, hangedman_decor_clover_reticule,
          minmay_manual_mail
Temple:   nicolae_temple_figure_eight

Skill      XL: |  1  2  3  4  5  6  7 |
---------------+----------------------+-----
Short Blades   | 1 2 |  2.4
Long Blades    | 1 2 |  2.4
Axes           | 1 2 |  2.4
Maces & Flails | 1 2 |  2.4
Polearms       | 1 2 |  2.4
Staves         | 1 2 |  2.4
Slings         | 1 2 |  2.4
Bows           | 1 2 |  2.4
Crossbows      | 1 2 |  2.4
Throwing       | 1 2 |  2.4
Armour         | 1 2 |  2.4
Dodging        | 1 2 |  2.4
Shields        | 1 2 |  2.4
Unarmed Combat | 1 2 |  2.4
Invocations    | 1 2 |  2.7
Spellcasting   | 3 |  3.7
Conjurations   | 1 2 |  2.0
Summonings     | 1 2 |  2.0
Necromancy     | 1 2 |  2.0
Transmutations | 1 2 |  2.0
Fire Magic     | 1 2 |  2.0
Ice Magic      | 1 2 |  2.0
Air Magic      | 1 2 |  2.0
Earth Magic    | 1 2 |  2.0
Poison Magic   | 1 2 |  2.0
Fighting       | 3 |  3.6
Translocations | 4 |  4.3
Evocations     | 3 |  3.6
Stealth        | |  4.9
Hexes          | |  5.8

Action                   |  1- 3 |  4- 6 |  7- 9 || total
-------------------------+-------+-------+-------++-------
Melee: Short sword       |    92 |   301 |    65 ||   458
       Bite              |     8 |    39 |     3 ||    50
       Punch             |     2 |     5 |       ||     7
 Cast: Slow              |     2 |       |       ||     2
       Confusing Touch   |       |     3 |       ||     3
  Use: Scroll            |     6 |     3 |     2 ||    11
       Potion            |       |       |     2 ||     2
 Stab: Sleeping          |     4 |     1 |       ||     5
       Confused          |       |     5 |       ||     5
Armor: Robe              |    19 |    62 |       ||    81
       Scale mail        |       |    93 |    49 ||   142
       Skin              |       |       |    35 ||    35
Dodge: Dodged            |    44 |   159 |    50 ||   253
